 Dungeon Crawl Stone Soup version 0.22-a0-445-g8c8ef71062 (webtiles) character file.

1920 JackS81 the Cleaver (level 8, -4/59 (60) HPs)
             Began as a Demonspawn Berserker on June 2, 2018.
             Was a Priest of Trog.
             Slain by a wight
             ... wielding a cursed +0 halberd
              (16 damage)
             ... on level 6 of the Dungeon.
             The game lasted 00:20:57 (5627 turns).

JackS81 the Cleaver (Demonspawn Berserker)          Turns: 5627, Time: 00:20:58

HP:   -4/59 (60)    AC:  5    Str: 17    XL:     8   Next: 95%
MP:   9/9           EV: 14    Int: 10    God:    Trog [***...]
Gold: 385           SH:  0    Dex: 14    Spells: 7/7 levels left

rFire    + . .     SeeInvis .   a - +0 hand axe
rCold    . . .     Gourm    .   (no shield)
rNeg     . . .     Faith    .   b - +0 animal skin
rPois    .         Spirit   .   (helmet restricted)
rElec    .         Reflect  .   (no cloak)
rCorr    .         Harm     .   (no gloves)
MR       ++...                  (no boots)
Stlth    +.........             t - amulet of regeneration
HPRegen  1.59/turn              k - ring of protection from fire
MPRegen  0.11/turn              u - +3 ring of protection

@: berserk cooldown, regenerating, drained
A: horns 2, spiny 1
a: Berserk, Trog's Hand, Renounce Religion


You were on level 6 of the Dungeon.
You worshipped Trog.
Trog was most pleased with you.
You were near starving.

You visited 1 branch of the dungeon, and saw 6 of its levels.

You collected 385 gold pieces.

Inventory:

Hand Weapons
 a - a +0 hand axe (weapon)
 f - a +0 short sword
Missiles
 l - 4 javelins (quivered)
 o - 122 arrows
 p - 26 bolts
Armour
 b - a +0 animal skin (worn)
 A - the +1 leather armour of the Lair of Beasts {+Blink rElec Dex-3}
   (You found it on level 5 of the Dungeon)

   It affects your dexterity (-3).
   It insulates you from electricity.
   It lets you blink.
 D - a +2 chain mail of fire resistance
Jewellery
 k - a ring of protection from fire (left hand)
 m - an uncursed ring of magical power
 r - an uncursed ring of protection from fire
 t - an amulet of regeneration (around neck)
 u - a +3 ring of protection (right hand)
 z - a cursed amulet of inaccuracy {unknown}
Wands
 s - a wand of disintegration (14)
 y - a wand of iceblast (9)
Scrolls
 d - a scroll of magic mapping {unknown}
 i - 2 scrolls of teleportation
 n - a scroll of remove curse {unknown}
Potions
 e - a potion of brilliance {unknown}
 g - a potion of mutation {unknown}
 h - a potion of lignification {unknown}
 j - 5 potions of curing
 q - 2 potions of might
 w - a potion of heal wounds {unknown}
 x - a potion of degeneration {unknown}
 B - a potion of agility {unknown}
 C - 2 potions of haste {unknown}
Comestibles
 c - 6 rations
 v - 15 chunks of flesh


   Skills:
 + Level 4.0(3.3) Fighting
 * Level 8.3(7.5) Axes
 * Level 3.9(3.2) Armour
 * Level 5.5(4.8) Dodging
 * Level 2.1(1.5) Evocations


You had 7 spell levels left.
You didn't know any spells.
Your spell library was empty.

Dungeon Overview and Level Annotations

Branches:
Dungeon (6/15)             Temple (0/1) D:6

Altars:
Ashenzari
Cheibriados
Dithmenos
Elyvilon
Fedhas
Hepliaklqana
Makhleb
Okawaru
Qazlal
Ru
Trog
Uskayaw
Xom
The Shining One

Shops:
D:4 =   D:5 %


Innate Abilities, Weirdness & Mutations

You have a pair of horns on your head.
You are partially covered in sharp spines.


Message History

Your Fighting skill increases to level 4!
The wight hits you from afar with a halberd!
You feel drained. The wight closely misses you.
Your skin crawls.
You feel resistant to hostile enchantments.
You are near starving!
The wight closely misses you.
You feel yourself speed up. The wight hits you with a halberd!
You closely miss the wight. Your headbutt misses the wight.
The wight hits you with a halberd!
* * * LOW HITPOINT WARNING * * *
You feel drained.
* * * LOW HITPOINT WARNING * * *
You hit the wight.
You headbutt the wight, but do no damage.
The wight is lightly damaged.
The wight hits you with a halberd!
You die...

#....# #....# #....# #....#
#....# ######## #....# #......#
##....# ####......#
###########..########)........#
#...............@zz)).##......#
..###.#....#############.z....#
........#..# ###.######
...##.###..## ########))....#
.#..#..##...# #......#)..)..#
###....##.#.# #......#......#
##..#..#.#.#######......#......#
#...##.........................#
#.#..............#.............#


You could see 2 wights.

Vanquished Creatures
  Grinder (D:4)
  Eustachio (D:5)
  Edmund (D:6)
  A water moccasin (D:5)
  An orc warrior (D:6)
  An ice beast (D:6)
  A sky beast (D:6)
  An ogre (D:5)
  A necrophage (D:6)
  A bullfrog (D:6)
  A scorpion (D:3)
  3 wights (D:6)
  A howler monkey (D:4)
  2 hounds
  A centaur zombie (D:5)
  2 orc priests (D:4)
  An orc wizard (D:6)
  A bullfrog skeleton (D:4)
  A gnoll shaman (D:6)
  Ijyb (D:5)
  3 worker ants
  A hound zombie (D:4)
  A hound skeleton (D:5)
  A howler monkey zombie (D:5)
  7 gnolls (D:6)
  8 adders
  A shadow imp (D:5)
  An ooze (D:4)
  5 worms
  A dart slug (D:3)
  5 leopard geckos
  14 orcs
  2 ball pythons
  3 bats (D:2)
  5 giant cockroaches
  3 goblins
  3 hobgoblins
  2 jackals (D:5)
  8 kobolds
  4 quokkas
  2 frilled lizards (D:1)
  A jackal skeleton (D:5)
  9 rats
114 creatures vanquished.

Vanquished Creatures (others)
  A fungus (D:2)
1 creature vanquished.

Grand Total: 115 creatures vanquished

Notes
Turn   | Place    | Note
-------+----------+-------------------------------------------
     0 | D:1      | JackS81 the Demonspawn Berserker began the quest for the Orb.
     0 | D:1      | Reached XP level 1. HP: 18/18 MP: 1/1
   142 | D:1      | Reached skill level 3 in Axes
   300 | D:1      | Gained mutation: You have a pair of small horns on your head. [demonic ancestry]
   300 | D:1      | Reached XP level 2. HP: 19/24 MP: 2/2
   662 | D:2      | Found a blossoming altar of Fedhas.
   900 | D:2      | Reached XP level 3. HP: 12/29 MP: 3/3
  1353 | D:2      | Noticed a moth of wrath
  1356 | D:2      | Found a bloodstained altar of Trog.
  1886 | D:2      | Reached XP level 4. HP: 31/35 MP: 4/4
  1896 | D:2      | Reached skill level 4 in Axes
  2026 | D:2      | Found a stormy altar of Qazlal.
  2111 | D:2      | Reached ** piety under Trog
  2447 | D:3      | Gained mutation: You are partially covered in sharp spines. [demonic ancestry]
  2447 | D:3      | Reached XP level 5. HP: 28/41 MP: 5/5
  2959 | D:3      | Found a shimmering altar of Xom.
  2960 | D:3      | Found a glowing golden altar of the Shining One.
  2962 | D:3      | Found a hide-covered altar of Uskayaw.
  2966 | D:3      | Found a snail-covered altar of Cheibriados.
  2966 | D:3      | Found a sacrificial altar of Ru.
  2966 | D:3      | Found a white marble altar of Elyvilon.
  2966 | D:3      | Found a burning altar of Makhleb.
  2967 | D:3      | Found an iron altar of Okawaru.
  2968 | D:3      | Found a hazy altar of Hepliaklqana.
  2969 | D:3      | Found a shadowy altar of Dithmenos.
  2970 | D:3      | Found a shattered altar of Ashenzari.
  3247 | D:4      | Noticed Grinder
  3264 | D:4      | Killed Grinder
  3264 | D:4      | Reached skill level 5 in Axes
  3264 | D:4      | Reached XP level 6. HP: 39/47 MP: 6/6
  3560 | D:4      | Gained mutation: You have a pair of horns on your head. [demonic ancestry]
  3560 | D:4      | Reached XP level 7. HP: 52/52 MP: 7/7
  3758 | D:4      | Reached skill level 6 in Axes
  3846 | D:4      | Found Kidd's Jewellery Shop.
  4219 | D:5      | Entered Level 5 of the Dungeon
  4290 | D:5      | Found Kuijan's Food Shop.
  4394 | D:5      | Noticed Eustachio
  4402 | D:5      | Killed Eustachio
  4417 | D:5      | Reached XP level 8. HP: 43/58 MP: 8/8
  4680 | D:5      | Reached skill level 7 in Axes
  4793 | D:5      | Noticed Ijyb
  4799 | D:5      | Killed Ijyb
  4799 | D:5      | Reached skill level 1 in Evocations
  5090 | D:5      | Got a spiked leather armour
  5162 | D:5      | Identified the +1 leather armour of the Lair of Beasts {+Blink rElec Dex-3} (You found it on level 5 of the Dungeon)
  5196 | D:6      | Found a staircase to the Ecumenical Temple.
  5345 | D:6      | Reached skill level 5 in Dodging
  5432 | D:6      | Reached *** piety under Trog
  5510 | D:6      | Noticed Edmund
  5524 | D:6      | Killed Edmund
  5524 | D:6      | Reached skill level 8 in Axes
  5627 | D:6      | Slain by a wight

Vault maps used:
D:1:      nzn_arrival_settlement
D:2:      grunt_qazlal_sundering, fedhas_altar_3, first_ration, tgw_trog
D:3:      minitemple
D:4:      serial_shops, shop, uniq_grinder
D:5:      serial_shops, shop_statue, minmay_misc_feat_x, uniq_ijyb,
          uniq_eustachio
D:6:      minmay_temple_entry_statues_pillars, uniq_edmund

Skill      XL: |  1  2  3  4  5  6  7  8 |
---------------+-------------------------+-----
Axes           | 3 4 5 6 8 |  8.3
Dodging        | 2 3 4 5 |  5.5
Armour         | 2 3 |  3.9
Evocations     | 2 |  2.1
Fighting       | 4 |  4.0

Action                   |  1- 3 |  4- 6 |  7- 9 || total
-------------------------+-------+-------+-------++-------
Melee: Hand axe          |   118 |    72 |   130 ||   320
       Headbutt          |    14 |    16 |    24 ||    54
Throw: Javelin           |       |       |     3 ||     3
Invok: Berserk           |       |     3 |     6 ||     9
       Trog's Hand       |       |     3 |     4 ||     7
  Use: Scroll            |     2 |     4 |     3 ||     9
 Stab: Sleeping          |     1 |     2 |       ||     3
  Eat: Chunk             |     2 |     5 |    10 ||    17
       Ration            |       |     1 |     1 ||     2
Armor: Animal skin       |    26 |     9 |    15 ||    50
Dodge: Dodged            |    77 |    39 |    83 ||   199

Table legend:
 A = Spawn XP
 B = Non-spawn XP
 C = Spawn XP percentage of total XP
 D = Spawn monster count
 E = Non-spawn monster count
 F = Spawn count percentage of total count
 G = Total turns spent on level
                    A         B        C        D         E        F      G
               +---------+---------+-------+---------+---------+-------+---------
         Total |       0 |    2743 |   0.0 |       0 |     114 |   0.0 |  5627
               +---------+---------+-------+---------+---------+-------+---------
           D:1 |       0 |      20 |   0.0 |       0 |      11 |   0.0 |   636
           D:2 |       0 |      99 |   0.0 |       0 |      23 |   0.0 |  1534
           D:3 |       0 |     122 |   0.0 |       0 |      16 |   0.0 |  1042
           D:4 |       0 |     629 |   0.0 |       0 |      21 |   0.0 |  1007
           D:5 |       0 |     677 |   0.0 |       0 |      17 |   0.0 |   977
           D:6 |       0 |    1196 |   0.0 |       0 |      26 |   0.0 |   431
               +---------+---------+-------+---------+---------+-------+---------
